 Dungeon Crawl Stone Soup version 0.26-a0-665-gefeb406119 (console) character file.

Game seed: 8292871101172757430

11190 om the Basher (level 11, -4/102 HPs)
             Began as a Troll Berserker on Oct 14, 2020.
             Was an Elder of Trog.
             Slain by a five-headed hydra (10 damage)
             ... on level 9 of the Dungeon.
             The game lasted 00:13:29 (8609 turns).

om the Basher (Troll Berserker)                     Turns: 8609, Time: 00:13:30

Health: -4/102     AC:  6    Str: 28    XL:     11   Next: 46%
Magic:  10/10      EV: 13    Int:  5    God:    Trog [****..]
Gold:   544        SH:  0    Dex:  9    Spells: 10/10 levels left

rFire    + . .     SeeInvis .   q - +0 giant club
rCold    + . .     Faith    .   (shield currently unavailable)
rNeg     . . .     Spirit   .   j - +0 robe {rC+ rF+}
rPois    .         Reflect  .   (helmet restricted)
rElec    .         Harm     .   (no cloak)
rCorr    .         Rampage  .   (gloves unavailable)
MR       .....                  (boots unavailable)
Stlth    +.........             (no amulet)
HPRegen  0.67/turn              (no ring)
MPRegen  0.12/turn              (no ring)

@: berserk cooldown, slowed, very slow
A: large, unfitting armour, claws 3, regeneration 1, shaggy fur 1, tough skin 3
a: Berserk, Trog's Hand, Brothers in Arms, Renounce Religion


You were on level 9 of the Dungeon.
You worshipped Trog.
Trog was greatly pleased with you.
You visited 1 branch of the dungeon, and saw 9 of its levels.

You collected 544 gold pieces.

Inventory:

Hand Weapons
 h - a +1 giant spiked club
 q - a +0 giant club (weapon)
Armour
 a - a +0 animal skin
 j - a +0 robe of resistance (worn)
Wands
 p - a wand of flame (9)
Scrolls
 c - 3 scrolls of enchant armour
 e - 4 scrolls of remove curse
 f - 4 scrolls of magic mapping
 g - a scroll of teleportation {unknown}
 i - 3 scrolls of fear {unknown}
 l - 2 scrolls of identify
 o - 2 scrolls of enchant weapon
Potions
 b - a potion of cancellation
 d - a potion of heal wounds
 k - 3 potions of curing
 m - a potion of flight
 n - a potion of ambrosia


   Skills:
 - Level 5.0 Fighting
 * Level 10.8 Maces & Flails
 + Level 9.3 Dodging
 - Level 8.1 Unarmed Combat


You had 10 spell levels left.
You didn't know any spells.
Your spell library was empty.

Dungeon Overview and Level Annotations

Branches:
Dungeon (9/15)             Temple (0/1) D:7            Lair (0/6) D:8
    Orc: D:9-12

Altars:
Cheibriados
Dithmenos
Elyvilon
Gozag
Ru
Trog
Wu Jian
Yredelemnul
The Shining One


Innate Abilities, Weirdness & Mutations

You are too large for most types of armour.
You have claws for hands.
Your natural rate of healing is unusually fast.
You are covered in fur. (AC +1)
You have extremely tough skin. (AC +3)


Message History

The five-headed hydra bites you.
* * * LOW HITPOINT WARNING * * *
The five-headed hydra bites you!
* * * LOW HITPOINT WARNING * * *
Your ogre barely misses the five-headed hydra.
Okay, then.
You feel much better.
Your ogre hits the five-headed hydra with a +0 giant spiked club!!
The five-headed hydra bites your ogre!
The five-headed hydra closely misses your ogre.
The five-headed hydra bites your ogre.
The five-headed hydra bites your ogre! x2
Your ogre dies!
Your ogre's corpse disappears in a puff of smoke!
Your two-headed ogre goes berserk!
The five-headed hydra closely misses you.
The five-headed hydra bites you!
* * * LOW HITPOINT WARNING * * *
The five-headed hydra barely misses you.
The five-headed hydra bites you!
You die...

###†...#..###...#.≈8
#.<...##..# #####.8≈
###.###.##..# #...
#...# #.#.... ####
#.#.###.#....#
#.#.>........#
#.##.######.## #.
#.# #. #.# #.
#.#####
.......#@D.§#
.###.##O###.# # #.
#.# #. #D#
#.###.#########
#.#..)....[....
......#.#.#.#.#.#
#.###.........
#.(.⌠.....⌠.
#......._.....
#./..⌠.....⌠..


You could see a five-headed hydra and a friendly two-headed ogre (summoned,
berserk).

Vanquished Creatures
  A fire giant (D:9)
  Erolcha (D:9)
  A rakshasa (D:9)
  A two-headed ogre (D:9)
  A kobold demonologist (D:8)
  Grinder (D:3)
  A hornet (D:9)
  A wraith (D:8)
  3 wyverns
  4 yaks (D:8)
  A steam dragon (D:8)
  Eustachio (D:5)
  A water moccasin (D:8)
  Duvessa (D:6)
  4 orc warriors
  2 ice beasts (D:8)
  2 sky beasts
  2 black bears (D:9)
  2 necrophages (D:7)
  2 phantoms
  10 ogres
  A boggart (D:9)
  3 centaurs
  A gnoll sergeant (D:7)
  3 bullfrogs
  Dowan (D:6)
  A wyvern skeleton (D:9)
  A scorpion (D:4)
  A water moccasin zombie (D:7)
  6 killer bees (D:9)
  A wight (D:7)
  3 electric eels (D:9)
  2 bullfrog zombies
  A jelly (D:7)
  6 hounds
  9 orc wizards
  2 bullfrog skeletons
  4 orc priests
  3 iguanas
  7 worker ants
  A killer bee zombie (D:6)
  A hound zombie (D:7)
  A hound skeleton (D:8)
  A mummy (D:7)
  A worker ant zombie (D:7)
  3 gnolls (D:7)
  5 adders
  A howler monkey skeleton (D:9)
  5 shadow imps
  An ooze (D:1)
  An adder zombie (D:8)
  3 adder skeletons
  3 worms
  The ghost of flotson the Sneak, a weakling DsDe (D:5)
  2 dart slugs
  4 leopard geckos
  24 orcs
  6 bats
  4 giant cockroaches
  2 gnoll zombies (D:3)
  7 goblins
  9 hobgoblins
  11 jackals
  4 kobolds (D:1)
  2 quokkas
  A frilled lizard (D:1)
  A jackal zombie (D:7)
  A quokka zombie (D:5)
  8 rats
213 creatures vanquished.

Vanquished Creatures (collateral kills)
  3 death yaks (D:8)
  A centaur (D:8)
  A bullfrog (D:8)
5 creatures vanquished.

Vanquished Creatures (others)
  A toadstool (D:1)
1 creature vanquished.

Grand Total: 219 creatures vanquished

Notes
Turn   | Place    | Note
-------+----------+-------------------------------------------
     0 | D:1      | om the Troll Berserker began the quest for the Orb.
     0 | D:1      | Reached XP level 1. HP: 22/22 MP: 0/0
    54 | D:1      | Reached XP level 2. HP: 29/29 MP: 1/1
   329 | D:1      | Reached ** piety under Trog
   329 | D:1      | Reached XP level 3. HP: 36/36 MP: 2/2
  1136 | D:2      | Found a shadowy altar of Dithmenos.
  1149 | D:2      | Reached XP level 4. HP: 44/44 MP: 3/3
  1746 | D:3      | Noticed Grinder
  1756 | D:3      | Killed Grinder
  1756 | D:3      | Reached skill level 5 in Unarmed Combat
  1756 | D:3      | Reached XP level 5. HP: 53/53 MP: 4/4
  1756 | D:3      | Reached XP level 6. HP: 61/61 MP: 5/5
  1853 | D:3      | Found a basalt altar of Yredelemnul.
  2647 | D:4      | Found a sacrificial altar of Ru.
  2966 | D:4      | Found a glowing golden altar of the Shining One.
  3032 | D:4      | Reached XP level 7. HP: 58/68 MP: 6/6
  3372 | D:5      | Entered Level 5 of the Dungeon
  3375 | D:5      | Found an ornate altar of the Wu Jian Council.
  3531 | D:5      | Found a runed translucent gate.
  3531 | D:5      | Found a runed translucent gate.
  3533 | D:5      | Found a runed translucent gate.
  3536 | D:5      | Noticed flotson's ghost (weakling DsDe)
  3580 | D:5      | Killed flotson's ghost
  3699 | D:5      | Found a snail-covered altar of Cheibriados.
  3818 | D:5      | Noticed Eustachio
  3845 | D:5      | Killed Eustachio
  3845 | D:5      | Reached *** piety under Trog
  4268 | D:6      | Reached XP level 8. HP: 79/79 MP: 7/7
  4269 | D:6      | Noticed Duvessa
  4270 | D:6      | Noticed Dowan
  4277 | D:6      | Killed Duvessa
  4277 | D:6      | Reached skill level 5 in Dodging
  4286 | D:6      | Killed Dowan
  4704 | D:6      | Found an opulent altar of Gozag.
  5052 | D:6      | Reached skill level 5 in Fighting
  5105 | D:6      | Reached skill level 1 in Maces & Flails
  5415 | D:7      | Reached skill level 2 in Maces & Flails
  5454 | D:7      | Found a staircase to the Ecumenical Temple.
  5478 | D:7      | Found an opulent altar of Gozag.
  5517 | D:7      | Reached XP level 9. HP: 77/88 MP: 8/8
  5634 | D:7      | Reached skill level 3 in Maces & Flails
  5724 | D:7      | Reached skill level 4 in Maces & Flails
  6043 | D:7      | Reached **** piety under Trog
  6287 | D:8      | Reached skill level 5 in Maces & Flails
  6492 | D:8      | Found a bloodstained altar of Trog.
  6707 | D:8      | Reached skill level 6 in Maces & Flails
  6910 | D:8      | Reached XP level 10. HP: 86/94 MP: 9/9
  6910 | D:8      | Noticed a death yak
  6917 | D:8      | Noticed a death yak
  6921 | D:8      | Noticed a death yak
  6937 | D:8      | Killed a death yak
  6937 | D:8      | Reached skill level 7 in Maces & Flails
  6938 | D:8      | Killed a death yak
  6941 | D:8      | Killed a death yak
  7060 | D:8      | Reached skill level 8 in Maces & Flails
  7338 | D:8      | Found a staircase to the Lair.
  7515 | D:9      | Noticed a rakshasa
  7524 | D:9      | Found an ornate altar of the Wu Jian Council.
  7524 | D:9      | Found an ornate altar of the Wu Jian Council.
  7524 | D:9      | Noticed a fire giant
  7533 | D:9      | Reached skill level 9 in Maces & Flails
  7624 | D:9      | Killed a rakshasa
  7798 | D:9      | Killed a fire giant
  7798 | D:9      | Reached skill level 10 in Maces & Flails
  7798 | D:9      | Reached XP level 11. HP: 54/102 MP: 10/10
  8185 | D:9      | Noticed a two-headed ogre
  8195 | D:9      | Killed a two-headed ogre
  8567 | D:9      | Found a white marble altar of Elyvilon.
  8572 | D:9      | Noticed Erolcha
  8589 | D:9      | Killed Erolcha
  8597 | D:9      | Noticed a five-headed hydra
  8607 | D:9      | HP: 1/102 [five-headed hydra (10)]
  8609 | D:9      | Slain by a five-headed hydra

Illustrated notes

Levels and vault maps discovered:
D:1:      nagdon_arrival_zigzag_paths, layout_basic
D:2:      layout_basic, nicolae_dithmenos_shadow_blocks
D:3:      layout_loops_ring, lemuel_zombie_altar_yredelemnul,
          minmay_tree_intersection, wad_floor_pattern_1, uniq_grinder
D:4:      layout_cave_pods, tso_metal_star, nicolae_ru_awakened_eye
D:5:      layout_loops_ring, lemuel_round_altar, lemuel_crystal_altar,
          gammafunk_ghost_necromancy, uniq_eustachio
D:6:      layout_basic, nicolae_overflow_hidden_temple, old_standard_altar,
          uniq_duvessa
D:7:      layout_loops_ring, minmay_temple_entry_offerings, serial_undead,
          serial_undead_b, serial_undead_f, serial_undead_d, serial_undead_a,
          nicolae_gozag_seed_capital
D:8:      layout_basic, lightli_temple_of_fire, dpeg_lair_monsters,
          hangedman_abyss_or_decor_slice, minmay_manual_monolith
D:9:      layout_loops_ring, elyvilon_altar_5, erik_orc_2, serial_rivers,
          chequers_serial_rivers_micro_d, chequers_serial_rivers_room_b,
          chequers_serial_rivers_micro_e, chequers_serial_rivers_small_3,
          jmf_multi_god_temple, uniq_erolcha

Skill      XL: |  1  2  3  4  5  6  7  8  9 10 11 |
---------------+----------------------------------+-----
Unarmed Combat | 4 5 6 7 8 |  8.1
Dodging        | 3 4 6 7 8 9 |  9.3
Fighting       | 3 4 5 |  5.0
Maces & Flails | 2 6 10 | 10.8

Action                   |  1- 3 |  4- 6 |  7- 9 | 10-12 || total
-------------------------+-------+-------+-------+-------++-------
Melee: Unarmed           |   106 |    74 |   297 |   138 ||   615
       Punch             |     2 |     2 |    14 |     3 ||    21
       Giant spiked club |       |       |    12 |       ||    12
       Giant club        |       |       |       |    70 ||    70
Invok: Berserk           |       |     3 |     4 |     8 ||    15
       Trog's Hand       |       |     1 |       |     3 ||     4
       Brothers in Arms  |       |       |       |     5 ||     5
Evoke: Wand              |       |       |       |     1 ||     1
  Use: Scroll            |       |     3 |     8 |     1 ||    12
       Potion            |       |       |       |     5 ||     5
 Stab: Sleeping          |     1 |     1 |     2 |       ||     4
Armor: Animal skin       |    40 |    12 |       |       ||    52
       Robe              |       |    10 |    80 |    43 ||   133
Dodge: Dodged            |    54 |    29 |   181 |   146 ||   410

Table legend: (Time is in decaauts)
 A = Elapsed time spent in this place.
 B = Non-inter-level travel time spent in this place.
 C = Inter-level travel time spent in this place.
 D = Time resting spent in this place.
 E = Time spent auto-exploring this place.
 F = Levels seen in this place.
 G = Mean time per level.
                   A        B        C        D        E       F      G
               +--------+--------+--------+--------+--------+-----+--------+
         Total |   8666 |   8346 |    320 |   1340 |   5533 |   9 |  962.9 |
       Dungeon |   8666 |   8346 |    320 |   1340 |   5533 |   9 |  962.9 |
               +--------+--------+--------+--------+--------+-----+--------+

Top non-repeatable levels by time:
     D:6: 1224 daAuts
     D:7: 1105 daAuts
     D:8: 1097 daAuts
     D:4: 1075 daAuts
     D:9: 1060 daAuts
     D:5: 798 daAuts
     D:3: 775 daAuts
     D:2: 769 daAuts
     D:1: 761 daAuts
